 Dungeon Crawl Stone Soup version 0.21-a0-274-gc1afaeb (webtiles) character file.

55 Evilsethoss the Conjurer (level 3, -1/19 HPs)
             Began as a Deep Elf Conjurer on Sept 18, 2017.
             Slain by an adder (5 damage)
             ... on level 2 of the Dungeon on Sept 19, 2017.
             The game lasted 00:12:09 (1764 turns).

Evilsethoss the Conjurer (Deep Elf Conjurer)        Turns: 1764, Time: 00:12:10

Health: -1/19      AC:  2    Str:  5    XL:     3   Next: 67%
Magic:  0/10       EV: 13    Int: 20    God:
Gold:   215        SH:  0    Dex: 15    Spells: 3/9 levels left

rFire    . . .     SeeInvis .   i - +0 dagger
rCold    . . .     Gourm    .   (no shield)
rNeg     . . .     Faith    .   a - +0 robe
rPois    .         Spirit   +   (no helmet)
rElec    .         Reflect  .   (no cloak)
rCorr    +         Harm     .   (no gloves)
MR       .....                  (no boots)
Stlth    ++........             r - amulet of guardian spirit
HPRegen  0.06/turn              q - ring of resist corrosion
MPRegen  0.12/turn              (no ring)

@: lethally poisoned (-1 -> -9), very slightly contaminated
A: no striking features
a: no special abilities


You were on level 2 of the Dungeon.
You were not hungry.

You visited 1 branch of the dungeon, and saw 2 of its levels.

You collected 215 gold pieces.

Inventory:

Hand Weapons
 i - a +0 dagger (weapon)
Armour
 a - a +0 robe (worn)
 g - a +0 naga barding
Jewellery
 q - a ring of resist corrosion (left hand)
 r - an amulet of guardian spirit (around neck)
Scrolls
 d - a scroll of fear {unknown}
 e - 2 scrolls of magic mapping {unknown}
 h - 3 scrolls of identify {unknown}
 j - 3 scrolls of remove curse {unknown}
 l - a scroll of amnesia {unknown}
Potions
 f - a potion of might
 k - a potion of heal wounds {unknown}
 m - a potion of magic {unknown}
 n - a potion of cancellation {unknown}
 p - 2 potions of agility {unknown}
Books
 b - a book of Conjurations

   Spells                             Type                      Level
   a - Magic Dart                     Conjuration                  1
   b - Searing Ray                    Conjuration                  2
   c - Dazzling Spray                 Conjuration/Hexes            3
   d - Fulminant Prism                Conjuration/Hexes            4
   e - Force Lance                    Conjuration/Translocation    4
   f - Iskenderun's Mystic Blast      Conjuration                  4
Comestibles
 c - a bread ration
 o - 2 chunks of flesh
 s - a meat ration


   Skills:
 + Level 0.1 Fighting
 + Level 2.5 Dodging
 + Level 2.7 Stealth
 + Level 3.5 Spellcasting
 + Level 5.5 Conjurations


You had 3 spell levels left.
You knew the following spells:

 Your Spells              Type           Power        Failure   Level  Hunger
a - Magic Dart            Conj           ####         1%          1    None
b - Searing Ray           Conj           ####..       1%          2    ##.....
c - Dazzling Spray        Conj/Hex       ##....       13%         3    ###....


Dungeon Overview and Level Annotations

Branches:
Dungeon (2/15)

Altars:


Message History

The adder closely misses you.
You feel sick. The adder bites you. The adder barely misses you.
The adder bites you. The adder completely misses you.
You feel sick. The adder bites you.
* * * LOW HITPOINT WARNING * * *
You are lethally poisoned!
The adder poisons you!
Casting: Searing Ray
Confirm with . or Enter, or press ? or * to list all spells.
You don't have enough magic to cast that spell.
Casting: Searing Ray
Confirm with . or Enter, or press ? or * to list all spells.
Aiming: Magic Dart
Press: ? - help, Shift-Dir - straight line, f - adder
Aim: an adder (moderately wounded)
The magic dart hits the adder.
The adder is severely wounded.
The adder bites you.
You die...

#.
#........
#.
#.......
#.
+......
## #.....
#.... .w.
# #S# #
#@# # #.#
#.# #.#
#.# #####
#.# #....
#.# #.###
#.# #.#
#.# #.##


You could see a worm and an adder.

Vanquished Creatures
  A worm (D:2)
  2 leopard geckos
  A ball python (D:2)
  2 giant cockroaches
  5 goblins (D:1)
  7 hobgoblins
  10 kobolds
  8 bats
  5 frilled lizards
  6 rats
47 creatures vanquished.

Notes
Turn   | Place    | Note
-------+----------+-------------------------------------------
     0 | D:1      | Evilsethoss the Deep Elf Conjurer began the quest for the Orb.
     0 | D:1      | Reached XP level 1. HP: 10/10 MP: 6/6
   119 | D:1      | Reached XP level 2. HP: 6/15 MP: 2/8
   125 | D:1      | Learned a level 2 spell: Searing Ray
   322 | D:1      | Reached skill level 5 in Conjurations
   941 | D:1      | Reached XP level 3. HP: 19/19 MP: 4/9
  1169 | D:1      | Learned a level 3 spell: Dazzling Spray
  1764 | D:2      | Slain by an adder

Vault maps used:
D:1:      minmay_arrival_wavy_path, minmay_tromino_v2
D:2:      lemuel_crystal_altar

Skill      XL: |  1  2 |
---------------+-------+-----
Conjurations   | 5 |  5.5
Fighting       | |  0.1
Dodging        | |  2.5
Stealth        | |  2.7
Spellcasting   | |  3.5

Action                   || total
-------------------------++-------
Melee: Unarmed           ||     3
       Dagger            ||    13
 Cast: Magic Dart        ||    52
       Searing Ray       ||    14
       Dazzling Spray    ||     3
  Eat: Chunk             ||     3
Armor: Robe              ||     6
Dodge: Dodged            ||    36

Table legend:
 A = Spawn XP
 B = Non-spawn XP
 C = Spawn XP percentage of total XP
 D = Spawn monster count
 E = Non-spawn monster count
 F = Spawn count percentage of total count
 G = Total turns spent on level
                    A         B        C        D         E        F      G
               +---------+---------+-------+---------+---------+-------+---------
         Total |       0 |      79 |   0.0 |       0 |      47 |   0.0 |  1764
               +---------+---------+-------+---------+---------+-------+---------
           D:1 |       0 |      49 |   0.0 |       0 |      29 |   0.0 |  1317
           D:2 |       0 |      30 |   0.0 |       0 |      18 |   0.0 |   447
               +---------+---------+-------+---------+---------+-------+---------
